 Dungeon Crawl Stone Soup version 0.20.1-1-g8b1a95d (webtiles) character file.

334 Monsterracer the Conjurer (level 6, -2/45 HPs)
             Began as a Draconian Wizard on Aug 19, 2017.
             Slain by Grinder (5 damage)
             ... on level 3 of the Dungeon.
             The game lasted 00:07:34 (3924 turns).

Monsterracer the Conjurer (Draconian Wizard)        Turns: 3924, Time: 00:07:35

Health: -2/45      AC:  6    Str:  9    XL:     6   Next: 27%
Magic:  1/11       EV: 12    Int: 21    God:
Gold:   130        SH:  0    Dex:  9    Spells: 0/11 levels left

rFire    . . .     SeeInvis .   j - +0 trident
rCold    . . .     Gourm    .   (no shield)
rNeg     . . .     Faith    .   (armour unavailable)
rPois    .         Spirit   .   a - +0 hat
rElec    .         Reflect  .   (no cloak)
rCorr    .         Harm     .   (no gloves)
MR       +....                  (no boots)
Stlth    ++........             (no amulet)
Regen    0.2/turn               b - ring of protection from magic
MPRegen  0.2/turn               (no ring)

@: very slightly contaminated
A: unfitting armour, cold-blooded, AC +6
a: no special abilities


You were on level 3 of the Dungeon.
You were very hungry.

You visited 1 branch of the dungeon, and saw 4 of its levels.

You collected 130 gold pieces.

Inventory:

Hand Weapons
 j - a +0 trident (weapon)
 n - a cursed -2 dagger
Armour
 a - a +0 hat (worn)
Jewellery
 b - a ring of protection from magic (left hand)
Scrolls
 f - a scroll of remove curse {unknown}
 g - 2 scrolls of teleportation {unknown}
 i - a scroll of identify {unknown}
 l - a scroll of recharging {unknown}
 m - a scroll of immolation {unknown}
 o - a scroll of magic mapping {unknown}
 p - a scroll of amnesia {unknown}
Potions
 e - a potion of mutation {unknown}
 h - a potion of berserk rage
 k - a potion of curing
 q - a potion of brilliance {unknown}
Comestibles
 c - 4 bread rations


   Skills:
 - Level 1.7 Dodging
 - Level 1.7 Stealth
 + Level 3.4 Spellcasting
 * Level 6.1 Conjurations
 - Level 1.0 Summonings
 - Level 1.0 Translocations


You couldn't memorise any spells.
You knew the following spells:

 Your Spells              Type           Power        Failure   Level  Hunger
a - Magic Dart            Conj           ####         1%          1    None
b - Conjure Flame         Conj/Fire      ###.....     11%         3    ###....
c - Mephitic Cloud        Conj/Pois/Air  ##......     16%         3    ###....
d - Call Imp              Summ           #.......     13%         2    ##.....
e - Blink                 Tloc           N/A          13%         2    ##.....


Dungeon Overview and Level Annotations

Branches:
Dungeon (4/15)
 Temple: D:4-7

Altars:
Uskayaw
Xom

Annotations:
D:3 Grinder


Innate Abilities, Weirdness & Mutations

Your plain brown scales are hard. (AC +6)
You cannot fit into any form of body armour.
You are cold-blooded and may be slowed by cold attacks.


Message History

A beastly little devil appears in a puff of flame.
Grinder gestures at you. You resist with almost no effort.
Unknown command.
Casting: Call Imp
Confirm with . or Enter, or press ? or * to list all spells.
You miscast Call Imp.
You are very lightly contaminated with residual magic.
Nothing appears to happen.
Grinder gestures at you. You resist with some effort.
Unknown command.
Casting: Call Imp
Confirm with . or Enter, or press ? or * to list all spells.
A beastly little devil appears in a puff of flame.
* * * LOW MAGIC WARNING * * *
Grinder hits you!
* * * LOW HITPOINT WARNING * * *
You writhe in agony.
You die...

.#.### ##...### #.#### .#.#
#......# #....# ...#
#######.<..#.# ####.# ####
#...[...#.##.## #.#
###.####..#.....# ######## #.#
#...####..####..# #......###.#
#......#..####5.# #.####.##...
#...##.#.....5..###.####.##.#.
##...........@....)...##.##...
#.###.#....5.5.###.#.##.#####
#.# #.#..#.....# #.#.##.# #.#
#.)...[.#<.###......##
#.#####..#.##..##........#
#....##(.......##.#..##..#
####.###.......##.#..##..# #.#
#.....####.#...#..# #####.#
#...<.# #........#


You could see Grinder, 2 friendly crimson imps and a friendly shadow imp.

Vanquished Creatures
  Purgy (D:3)
  An orc wizard (D:3)
  Natasha (twice) (D:2)
  Terence (D:2)
  Robin (D:3)
  3 adders (D:2)
  An ooze (D:1)
  3 worms
  2 dart slugs
  4 leopard geckos
  4 orcs (D:3)
  2 ball pythons
  4 giant cockroaches
  16 goblins
  10 hobgoblins
  5 jackals (D:2)
  7 kobolds
  3 bats
  5 frilled lizards
  2 rats (D:2)
77 creatures vanquished.

Notes
Turn   | Place    | Note
-------+----------+-------------------------------------------
     0 | D:1      | Monsterracer the Draconian Wizard began the quest for the Orb.
     0 | D:1      | Reached XP level 1. HP: 14/14 MP: 4/4
   234 | D:1      | Reached skill level 2 in Conjurations
   308 | D:1      | Reached XP level 2. HP: 17/20 MP: 0/6
   427 | D:1      | Found a shimmering altar of Xom.
   968 | D:2      | Reached skill level 3 in Conjurations
   968 | D:2      | Reached XP level 3. HP: 21/26 MP: 2/7
   973 | D:2      | Learned a level 3 spell: Conjure Flame
   977 | D:2      | Learned a level 3 spell: Mephitic Cloud
  1061 | D:2      | Noticed Terence
  1097 | D:2      | Killed Terence
  1098 | D:2      | HP: 19/39 [leopard gecko (3)]
  1376 | D:2      | Reached XP level 4. HP: 33/33 MP: 2/8
  1489 | D:2      | Noticed Natasha
  1495 | D:2      | Killed Natasha
  1495 | D:2      | Reached skill level 4 in Conjurations
  1725 | D:2      | Noticed Natasha
  1734 | D:2      | HP: 14/33 [Natasha/magic dart (9)]
  1737 | D:2      | Killed Natasha
  1941 | D:2      | HP: 9/33 [worm (9)]
  1942 | D:2      | Reached XP level 5. HP: 11/38 MP: 0/9
  1948 | D:2      | HP: 9/38 [giant cockroach (1)]
  2200 | D:2      | Reached skill level 5 in Conjurations
  2237 | D:2      | Learned a level 2 spell: Call Imp
  2556 | D:3      | Noticed Robin
  2955 | D:3      | Killed Robin
  3380 | D:3      | Noticed Purgy
  3517 | D:3      | Killed Purgy
  3517 | D:3      | Reached skill level 6 in Conjurations
  3517 | D:3      | Reached XP level 6. HP: 29/45 MP: 0/11
  3521 | D:3      | Learned a level 2 spell: Blink
  3656 | D:3      | Found a hide-covered altar of Uskayaw.
  3802 | D:4      | Noticed Grinder
  3807 | D:4      | Paralysed by Grinder for 3 turns
  3921 | D:3      | HP: 17/45 [Grinder (8)]
  3924 | D:3      | HP: 3/45 [Grinder (9)]
  3924 | D:3      | Slain by Grinder

Skill      XL: |  1  2  3  4  5 |
---------------+----------------+-----
Conjurations   | 2 3 4 6 |  6.1
Dodging        | |  1.7
Stealth        | |  1.7
Spellcasting   | |  3.4
Summonings     | |  1.0
Translocations | |  1.0

Action                   |  1- 3 |  4- 6 || total
-------------------------+-------+-------++-------
Melee: Whip              |    45 |    36 ||    81
       Unarmed           |     7 |       ||     7
       Tailslap          |     1 |     5 ||     6
       Trident           |       |    64 ||    64
 Cast: Magic Dart        |    52 |   108 ||   160
       Mephitic Cloud    |       |     3 ||     3
       Conjure Flame     |       |     3 ||     3
       Call Imp          |       |     3 ||     3
  Use: Potion            |     5 |       ||     5
       Scroll            |       |     3 ||     3
 Stab: Confused          |       |     1 ||     1
       Sleeping          |       |     1 ||     1
  Eat: Chunk             |     1 |     8 ||     9
Armor: Skin              |    19 |    38 ||    57
Dodge: Dodged            |    50 |    78 ||   128
